 Dungeon Crawl Stone Soup version 0.30-a0-586-g23e55c9e0a (webtiles) character file.

Game seed: 348449199418260868

7714 themarg the Martial Artist (level 11, -3/99 HPs)
             Began as a Gnoll Transmuter on Jan 3, 2023.
             Was an Elder of Ashenzari.
             Slain by a death yak (22 damage)
             ... on level 8 of the Dungeon.
             The game lasted 00:30:56 (8370 turns).

themarg the Martial Artist (Gnoll Transmuter)       Turns: 8370, Time: 00:30:56

Health: -3/99      AC:  9    Str: 10    XL:     11   Next: 19%
Magic:  19/23      EV: 17    Int: 17    God:    Ashenzari [****..]
Gold:   603        SH:  5    Dex: 12    Spells: 12/26 levels left

rFire   x . .      SeeInvis +      - Unarmed
rCold   + + +      Faith    .    (shield currently unavailable)
rNeg    . . .      Spirit   .    (body armour currently unavailable)
rPois   +          Reflect  +    (helmet currently unavailable)
rElec   .          Harm     .    (cloak currently unavailable)
rCorr   .          Rampage  .    (gloves currently unavailable)
Will    .....      Clarity  +    (boots currently unavailable)
Stlth   +++                      I - amulet of Ashenzari's Atheism {Reflect SH+5, Bglg, Elem} (curse)
HPRegen 0.36/turn                o - ring of Supernal Understanding {EV+5, Elem, Evo} (curse)
MPRegen 0.18/turn                k - ring of Ashenzari's Visionary {rC+, Comp, Elem} (curse)

@: ice-form
A: freezing attack, amphibious, boosted hp, large, (fangs 1), strong nose,
distributed training
a: End Transformation, Renounce Religion, Shatter the Chains


You were on level 8 of the Dungeon.
You worshipped Ashenzari.
Ashenzari was greatly pleased with you.
You were a creature of crystalline ice.
You visited 1 branch of the dungeon, and saw 8 of its levels.
You also visited: Ossuary.

You collected 603 gold pieces.

Inventory:

Hand Weapons
 q - the +9 mace of Cheibriados's Whim (melded) {flame, rF+ Str+3}
   (You took it off a gnoll bouda on level 7 of the Dungeon)

   It burns those it strikes, dealing additional fire damage.
   Str:       It affects your strength (+3).
   rF:        It protects you from fire.
Missiles
 d - 64 stones
 g - a silver boomerang
 u - 10 poisoned darts
 x - 8 boomerangs
Armour
 a - the cursed +0 robe "Shattered Together" (melded) {Range, Self}

   It has a curse which improves the following skills: Ranged Combat: Ranged
   Weapons and Throwing.
   Introspection: Fighting and Spellcasting.
 j - the cursed +0 pair of gloves "Astral Burden" (melded) {Fort, Self}
   (You found it on level 1 of the Dungeon)

   It has a curse which improves the following skills: Fortitude: Armour and
   Shields.
   Introspection: Fighting and Spellcasting.
 A - the cursed +1 helmet of the Revealing Urgency (melded) {Comp, Self}
   (You found it on level 4 of the Dungeon)

   It has a curse which improves the following skills: Companions: Summonings
   and Necromancy.
   Introspection: Fighting and Spellcasting.
 C - a +0 pair of boots (melded)
 D - a +0 cloak (melded)
 E - the +1 chain mail of the Garden {rF- Int+4}
   (You took it off a gnoll bouda on level 7 of the Dungeon)

   Int:       It affects your intelligence (+4).
   rF:        It makes you vulnerable to fire.
 L - the +2 shield of Resistance {rF++ rC++ Will++}
   (You took it off an orc on level 7 of the Dungeon)

   rF:        It greatly protects you from fire.
   rC:        It greatly protects you from cold.
   Will:      It greatly increases your willpower.
 N - a +3 leather armour
Magical Staves
 t - a staff of conjuration
Jewellery
 k - the cursed ring of Ashenzari's Visionary (right front paw) {rC+, Comp, Elem}
   (You found it on level 1 of the Dungeon)

   [ring of protection from cold]

   rC:        It protects you from cold.
   It has a curse which improves the following skills: Companions: Summonings
   and Necromancy.
   Elements:  Fire Magic, Ice Magic, Air Magic and Earth Magic.
 o - the cursed ring of Supernal Understanding (left front paw) {EV+5, Elem, Evo}
   (You found it on level 2 of the Dungeon)

   [ring of evasion]

   EV:        It affects your evasion (+5).
   It has a curse which improves the following skills: Elements: Fire Magic, Ice
   Magic, Air Magic and Earth Magic.
   Evocations: Evocations.
 H - a ring of flight
 I - the cursed amulet of Ashenzari's Atheism (around neck) {Reflect SH+5, Bglg, Elem}
   (You found it in an ossuary)

   [amulet of reflection]

   It reflects blocked missile attacks.
   SH:        It affects your SH (+5).
   It has a curse which improves the following skills: Beguiling: Conjurations,
   Hexes and Translocations.
   Elements:  Fire Magic, Ice Magic, Air Magic and Earth Magic.
 M - an amulet of regeneration
Wands
 s - a wand of flame (48)
Scrolls
 c - 3 scrolls of enchant weapon
 e - 2 scrolls of fog
 f - 2 scrolls of magic mapping
 h - 4 scrolls of teleportation
 i - a scroll of poison
 r - 3 scrolls of noise
 y - 4 scrolls of fear
 z - a scroll of blinking
 G - a scroll of butterflies
Potions
 b - 6 potions of lignification
 l - 3 potions of degeneration
 m - 2 potions of curing
 n - 7 potions of might
 p - 2 potions of flight
 v - 3 potions of ambrosia
 w - a potion of haste
 B - 3 potions of brilliance
 F - a potion of attraction
Miscellaneous
 J - a phial of floods
 K - a box of beasts (inert)


   Skills:
 + Level 6.8 Fighting
 + Level 6.3 Short Blades
 + Level 6.3 Long Blades
 + Level 6.3 Axes
 + Level 6.3 Maces & Flails
 + Level 6.3 Polearms
 + Level 6.3 Staves
 + Level 6.3 Ranged Weapons
 + Level 6.3 Throwing
 + Level 6.3 Armour
 + Level 7.9 Dodging
 + Level 6.3 Stealth
 + Level 6.3 Shields
 + Level 9.2 Unarmed Combat
 + Level 8.1 Spellcasting
 + Level 5.2(7.1) Conjurations
 + Level 5.2(7.1) Hexes
 + Level 5.2(7.1) Summonings
 + Level 5.2(7.1) Necromancy
 + Level 5.2(7.1) Translocations
 + Level 6.5 Transmutations
 + Level 5.2(8.9) Fire Magic
 + Level 5.2(8.9) Ice Magic
 + Level 5.2(8.9) Air Magic
 + Level 5.2(8.9) Earth Magic
 + Level 5.2 Poison Magic
 + Level 6.9 Invocations
 + Level 6.3(8.3) Evocations


You had 12 spell levels left.
You knew the following spells:

 Your Spells              Type           Power      Damage    Failure   Level
a - Beastly Appendage     Tmut           58%        N/A       1%          1
b - Wereblood             Tmut           29%        N/A       1%          2
c - Spider Form           Tmut/Pois      26%        N/A       2%          3
d - Ice Form              Ice/Tmut       33%        N/A       4%          4
e - Summon Ice Beast      Ice/Summ       34%        N/A       3%          4

Your spell library contained the following spells:

 Spells                   Type           Power      Damage    Failure   Level
 Sandblast                Erth           74%        2d16      1%          1
 Passwall                 Tmut/Erth      27%        N/A       1%          2
 Frozen Ramparts          Ice            74%        1d12      1%          3
 Inner Flame              Hex/Fire       34%        N/A       1%          3
 Stone Arrow              Conj/Erth      68%        3d11      1%          3
 Cause Fear               Hex            15%        N/A       5%          4
 Discord                  Hex            15%        N/A       100%        8


Dungeon Overview and Level Annotations

Branches:
Dungeon (8/15)             Temple (0/1) D:4            Lair (0/5) D:8
Ossuary (visited)

Altars:
Ashenzari
Dithmenos
Elyvilon
Gozag
Makhleb
Nemelex Xobeh
Uskayaw
The Shining One


Innate Abilities, Weirdness & Mutations

You are a creature of crystalline ice.
You have a powerful freezing melee attack.
You are amphibious.
Your maximum health is increased.
Your armour is entirely melded.
You are incapable of wielding weapons or throwing items.
((You have very sharp teeth.))
Your uncanny sense of smell can sniff out nearby items.
Your experience applies equally to all skills.


Message History

Your ice beast disappears in a puff of smoke!
You hit the death yak but do no damage.
The death yak is lightly wounded.
A chill wind blows around you. The death yak gores your ice beast!!
The death yak misses you.
You hit the death yak. You freeze the death yak.
The death yak is moderately wounded.
The death yak gores your ice beast! The death yak gores you!
You hit the death yak but do no damage.
The death yak is moderately wounded.
Your ice beast hits the death yak but does no damage.
The death yak barely misses your ice beast.
The death yak gores you!!
Okay, then.
You are confused.
You feel invigorated.
Your ice beast hits the death yak.
Your ice beast freezes the death yak!
The death yak gores your ice beast. The death yak misses you.
You pummel the death yak!! You freeze the death yak.
The death yak is heavily wounded.
Your ice beast hits the death yak but does no damage.
The death yak gores your ice beast!
Your ice beast dies!
Your ice beast disappears in a puff of smoke!
You punch the death yak! You freeze the death yak.
The death yak is severely wounded.
The death yak closely misses you.
You bump into the rock wall.
The death yak closely misses you.
The death yak gores you but does no damage.
You bump into the rock wall.
The death yak closely misses you. The death yak gores you!!
* * * LOW HITPOINT WARNING * * *
You feel better.
You feel less invigorated.
The death yak gores you but does no damage.
The death yak gores you!!
* * * LOW HITPOINT WARNING * * *
A chill wind blows around you.
The death yak gores you but does no damage.
The death yak gores you!!
You die...

#..........#.#.##.######
#..........#.#....#
#..........#.###..#
#.....###..#.# #..#
.....#*#...#.# #..# ,
###..##.# #..### ,
,#....##.# #.Y..# ,,
#.##.##.# #Y##.# ,
,#.<#.##.# #YYY.# , ,
####....# ###Y## , ,*
###### #.# ,, , #.# , **
** * #Y# , , , *#YY# , ,
, , , ,...# , , ...?# ,
, , , .....#


You could see 4 death yaks and a friendly ice beast (summoned).

Vanquished Creatures
  A boulder beetle (D:7)
  A death yak (D:8)
  Pikel (D:6)
  2 deep elf pyromancers (D:7)
  A cyclops (D:7)
  A komodo dragon (D:7)
  A wraith (Ossuary)
  2 vampire mosquitoes (D:7)
  5 water moccasins
  2 orc warriors
  2 sky beasts
  3 black bears
  A lemure (D:6)
  4 centaurs
  A phantom (D:5)
  An elf zombie (Ossuary)
  A gnoll sergeant (D:8)
  5 bullfrogs
  3 necrophages
  6 scorpions
  5 wights
  5 killer bees
  A howler monkey (D:6)
  2 jellies
  A gnoll bouda (D:7)
  2 hounds
  2 orc priests
  Terence (D:2)
  Natasha (D:2)
  2 iguanas
  2 orc wizards
  3 mummies (Ossuary)
  4 gnolls (D:8)
  9 adders
  An ufetubus (D:7)
  3 worms
  30 orcs
  11 ball pythons
  10 endoplasms
  3 giant cockroaches
  A gnoll zombie (Ossuary)
  8 goblins
  4 hobgoblins
  4 jackals (D:1)
  2 quokkas
  5 bats
  5 frilled lizards
  3 goblin zombies (Ossuary)
  A hobgoblin zombie (Ossuary)
  6 kobolds
  A kobold zombie (Ossuary)
  An orc zombie (Ossuary)
  2 rats (D:1)
185 creatures vanquished.

Vanquished Creatures (collateral kills)
  A death yak (D:8)
  Duvessa (D:7)
  Dowan (D:7)
3 creatures vanquished.

Vanquished Creatures (others)
  A fungus (D:4)
1 creature vanquished.

Grand Total: 189 creatures vanquished

Notes
Turn   | Place    | Note
-------+----------+-------------------------------------------
     0 | D:1      | themarg the Gnoll Transmuter began the quest for the Orb.
     0 | D:1      | Reached XP level 1. HP: 17/17 MP: 6/6
   157 | D:1      | Reached XP level 2. HP: 23/23 MP: 7/7
   201 | D:1      | Learned a level 2 spell: Wereblood
   429 | D:1      | Reached skill level 5 in Spellcasting
   429 | D:1      | Reached XP level 3. HP: 28/28 MP: 7/9
   433 | D:1      | Learned a level 3 spell: Spider Form
   950 | D:2      | Reached skill level 1 in Invocations
  1485 | D:2      | Reached skill level 1 in Short Blades
  1485 | D:2      | Reached skill level 1 in Long Blades
  1485 | D:2      | Reached skill level 1 in Axes
  1485 | D:2      | Reached skill level 1 in Maces & Flails
  1485 | D:2      | Reached skill level 1 in Polearms
  1485 | D:2      | Reached skill level 1 in Staves
  1485 | D:2      | Reached skill level 1 in Ranged Weapons
  1485 | D:2      | Reached skill level 1 in Throwing
  1485 | D:2      | Reached skill level 1 in Armour
  1485 | D:2      | Reached skill level 1 in Stealth
  1485 | D:2      | Reached skill level 1 in Shields
  1485 | D:2      | Reached skill level 1 in Evocations
  1498 | D:2      | Reached XP level 4. HP: 34/34 MP: 0/11
  1633 | D:2      | Noticed Terence
  1641 | D:2      | Killed Terence
  1642 | D:2      | Reached skill level 1 in Conjurations
  1642 | D:2      | Reached skill level 1 in Hexes
  1642 | D:2      | Reached skill level 1 in Summonings
  1642 | D:2      | Reached skill level 1 in Necromancy
  1642 | D:2      | Reached skill level 1 in Translocations
  1642 | D:2      | Reached skill level 1 in Fire Magic
  1642 | D:2      | Reached skill level 1 in Ice Magic
  1642 | D:2      | Reached skill level 1 in Air Magic
  1642 | D:2      | Reached skill level 1 in Earth Magic
  1642 | D:2      | Reached skill level 1 in Poison Magic
  1696 | D:2      | Noticed Natasha
  1703 | D:2      | Killed Natasha
  1878 | D:3      | Reached XP level 5. HP: 40/40 MP: 8/12
  2128 | D:3      | Found a broken altar of Ashenzari.
  2143 | D:3      | Found a shadowy altar of Dithmenos.
  2165 | D:3      | Became a worshipper of Ashenzari the Shackled
  2739 | D:4      | Reached XP level 6. HP: 47/47 MP: 10/14
  2950 | D:4      | Reached skill level 5 in Dodging
  2954 | D:4      | Identified the cursed +0 robe "Shattered Together" {Range,
                  | Self}
  3771 | D:4      | Found a staircase to the Ecumenical Temple.
  3923 | D:5      | Entered Level 5 of the Dungeon
  3951 | D:5      | Reached XP level 7. HP: 52/52 MP: 10/15
  3954 | D:5      | Reached skill level 7 in Unarmed Combat
  4067 | D:5      | Found a burning altar of Makhleb.
  4084 | D:5      | Reached * piety under Ashenzari
  4111 | D:5      | Identified the cursed +0 pair of gloves "Astral Burden"
                  | {Fort, Self} (You found it on level 1 of the Dungeon)
  4205 | D:5      | Reached XP level 8. HP: 42/60 MP: 9/16
  4762 | D:6      | Noticed Pikel
  4776 | D:6      | Killed Pikel
  4777 | D:6      | Reached skill level 5 in Transmutations
  4777 | D:6      | Reached XP level 9. HP: 45/66 MP: 14/18
  5020 | D:6      | Found an opulent altar of Gozag.
  5105 | D:6      | Reached skill level 5 in Fighting
  5147 | D:6      | Reached ** piety under Ashenzari
  5259 | D:6      | Found a sparkling altar of Nemelex Xobeh.
  5358 | D:6      | Found a hide-covered altar of Uskayaw.
  5411 | D:7      | Learned a level 4 spell: Ice Form
  5464 | D:7      | Reached skill level 8 in Unarmed Combat
  5479 | D:7      | Found a sand-covered staircase.
  5491 | Ossuary  | Entered an ossuary
  5766 | Ossuary  | Reached skill level 5 in Invocations
  6037 | D:7      | Noticed Duvessa
  6267 | D:7      | Found a white marble altar of Elyvilon.
  6442 | D:7      | Reached *** piety under Ashenzari
  6443 | D:7      | Noticed a boulder beetle
  6443 | D:7      | Noticed a deep elf pyromancer
  6450 | D:7      | Noticed a deep elf pyromancer
  6452 | D:7      | Reached skill level 5 in Short Blades
  6452 | D:7      | Reached skill level 5 in Long Blades
  6452 | D:7      | Reached skill level 5 in Axes
  6452 | D:7      | Reached skill level 5 in Maces & Flails
  6452 | D:7      | Reached skill level 5 in Polearms
  6452 | D:7      | Reached skill level 5 in Staves
  6452 | D:7      | Reached skill level 5 in Ranged Weapons
  6452 | D:7      | Reached skill level 5 in Throwing
  6452 | D:7      | Reached skill level 5 in Armour
  6452 | D:7      | Reached skill level 5 in Stealth
  6452 | D:7      | Reached skill level 5 in Shields
  6452 | D:7      | Reached skill level 5 in Evocations
  6452 | D:7      | Reached XP level 10. HP: 54/76 MP: 15/20
  6511 | D:7      | Noticed a cyclops
  6523 | D:7      | Killed a cyclops
  6688 | D:7      | Identified the +9 mace of Cheibriados's Whim {flame, rF+
                  | Str+3}
  6688 | D:7      | Identified the +1 chain mail of the Garden {rF- Int+4}
  6993 | D:7      | Noticed Dowan
  7001 | D:7      | Killed Duvessa
  7006 | D:7      | Killed Dowan
  7103 | D:7      | Killed a deep elf pyromancer
  7107 | D:7      | Killed a boulder beetle
  7350 | D:7      | Killed a deep elf pyromancer
  7817 | D:8      | Reached skill level 9 in Unarmed Combat
  7928 | D:8      | Found a glowing golden altar of the Shining One.
  7932 | D:8      | Noticed an angel
  7977 | D:8      | Reached skill level 5 in Conjurations
  7977 | D:8      | Reached skill level 5 in Hexes
  7977 | D:8      | Reached skill level 5 in Summonings
  7977 | D:8      | Reached skill level 5 in Necromancy
  7977 | D:8      | Reached skill level 5 in Translocations
  7977 | D:8      | Reached skill level 5 in Fire Magic
  7977 | D:8      | Reached skill level 5 in Ice Magic
  7977 | D:8      | Reached skill level 5 in Air Magic
  7977 | D:8      | Reached skill level 5 in Earth Magic
  7977 | D:8      | Reached skill level 5 in Poison Magic
  7978 | D:8      | Reached XP level 11. HP: 83/83 MP: 20/22
  7982 | D:8      | Noticed a death knight
  7991 | D:8      | Noticed a two-headed ogre
  8244 | D:8      | Learned a level 4 spell: Summon Ice Beast
  8306 | D:8      | Reached **** piety under Ashenzari
  8323 | D:8      | Noticed a death yak
  8327 | D:8      | Noticed a death yak
  8327 | D:8      | Noticed a death yak
  8336 | D:8      | Noticed a death yak
  8338 | D:8      | Noticed a death yak
  8339 | D:8      | Noticed a death yak
  8343 | D:8      | Killed a death yak
  8357 | D:8      | Killed a death yak
  8370 | D:8      | Slain by a death yak

Illustrated notes

Levels and vault maps discovered:
D:1:      dpeg_arrival_court, layout_loops_ring
D:2:      layout_loops_ring, minmay_split_cup_large, uniq_terence, uniq_natasha
D:3:      layout_loops_ring, mainiacjoe_overflow_catwalk_spiral
D:4:      layout_basic, minmay_temple_entry_glassed_door,
          dreamdust_mushroom_princess, minmay_misc_feat_room,
          minmay_diced_spiral
D:5:      layout_basic, mainiacjoe_overflow_concentric_impassable
D:6:      layout_rooms, mainiacjoe_overflow_alcove_4, nicolae_uskayaw_suspiria,
          nicolae_gozag_cash_rules_everything_around_me, uniq_pikel
D:7:      minmay_the_grid_square_5x5_3x3
          [minmay_the_grid_square_5x5_three_small,
          minmay_the_grid_square_5x5_two_small,
          minmay_the_grid_square_5x5_two_walls_b,
          minmay_the_grid_square_5x5_pentomino_r,
          minmay_the_grid_square_5x5_megaprize_open,
          minmay_the_grid_square_5x5_checkered_statues,
          minmay_the_grid_square_5x5_percent,
          minmay_the_grid_square_5x5_shrine1,
          minmay_the_grid_square_5x5_tetrominoes], layout_cave_pods,
          amcnicky_altar_gilded, enter_ossuary_1, uniq_duvessa
D:8:      hangedman_cross_stitches, layout_basic,
          grunt_temple_overflow_holy_war, dpeg_lair_monsters

Skill      XL: |  1  2  3  4  5  6  7  8  9 10 11 |
---------------+----------------------------------+-----
Spellcasting   | 5 6 7 8 |  8.1
Invocations    | 1 2 3 4 5 6 |  6.9
Short Blades   | 1 2 3 5 6 |  6.3
Long Blades    | 1 2 3 5 6 |  6.3
Axes           | 1 2 3 5 6 |  6.3
Maces & Flails | 1 2 3 5 6 |  6.3
Polearms       | 1 2 3 5 6 |  6.3
Staves         | 1 2 3 5 6 |  6.3
Ranged Weapons | 1 2 3 5 6 |  6.3
Throwing       | 1 2 3 5 6 |  6.3
Armour         | 1 2 3 5 6 |  6.3
Stealth        | 1 2 3 5 6 |  6.3
Shields        | 1 2 3 5 6 |  6.3
Evocations     | 1 2 3 5 6 |  6.3
Conjurations   | 1 2 3 4 5 |  5.2
Hexes          | 1 2 3 4 5 |  5.2
Summonings     | 1 2 3 4 5 |  5.2
Necromancy     | 1 2 3 4 5 |  5.2
Translocations | 1 2 3 4 5 |  5.2
Fire Magic     | 1 2 3 4 5 |  5.2
Ice Magic      | 1 2 3 4 5 |  5.2
Air Magic      | 1 2 3 4 5 |  5.2
Earth Magic    | 1 2 3 4 5 |  5.2
Poison Magic   | 1 2 3 4 5 |  5.2
Fighting       | 3 4 5 6 |  6.8
Transmutations | 4 5 6 |  6.5
Dodging        | 5 6 7 |  7.9
Unarmed Combat | 7 8 9 |  9.2

Action                   |  1- 3 |  4- 6 |  7- 9 | 10-12 || total
-------------------------+-------+-------+-------+-------++-------
Melee: Unarmed           |    25 |   132 |   198 |   141 ||   496
       Club              |    22 |       |       |       ||    22
       Bite              |     6 |       |       |       ||     6
       Kick              |    19 |       |       |       ||    19
       Headbutt          |     8 |       |       |       ||     8
       Short sword       |    50 |     4 |     1 |       ||    55
       Punch             |     2 |     1 |       |       ||     3
 Cast: Beastly Appendage |    16 |     2 |       |       ||    18
       Wereblood         |     3 |     2 |     8 |     2 ||    15
       Spider Form       |     2 |    34 |    18 |     4 ||    58
       Ice Form          |       |       |    10 |    10 ||    20
       Summon Ice Beast  |       |       |       |     5 ||     5
Invok: Curse Item        |       |     1 |     4 |     1 ||     6
Evoke: Wand              |       |       |       |     1 ||     1
       Box of beasts     |       |       |       |     1 ||     1
  Use: Potion            |       |     1 |     2 |     4 ||     7
       Scroll            |       |       |     2 |       ||     2
 Stab: Sleeping          |     1 |     6 |     3 |     1 ||    11
Armor: Robe              |    22 |     1 |     2 |       ||    25
       Skin              |       |     2 |    22 |    29 ||    53
Dodge: Dodged            |    65 |   115 |   212 |   137 ||   529
Block: Other             |       |       |    15 |    43 ||    58
       Reflection        |       |       |     1 |     1 ||     2

Table legend: (Time is in decaauts)
 A = Elapsed time spent in this place.
 B = Non-inter-level travel time spent in this place.
 C = Inter-level travel time spent in this place.
 D = Time resting spent in this place.
 E = Time spent auto-exploring this place.
 F = Levels seen in this place.
 G = Mean time per level.
                   A        B        C        D        E       F      G
               +--------+--------+--------+--------+--------+-----+--------+
         Total |   8286 |   8074 |    212 |    380 |   5933 |   9 |  920.7 |
       Dungeon |   7838 |   7626 |    212 |    380 |   5661 |   8 |  979.8 |
       Ossuary |    447 |    447 |      0 |      0 |    272 |   1 |  447.0 |
               +--------+--------+--------+--------+--------+-----+--------+

Top non-repeatable levels by time:
     D:7: 1962 daAuts
     D:4: 1235 daAuts
     D:2: 938 daAuts
     D:1: 928 daAuts
     D:6: 890 daAuts
     D:3: 803 daAuts
     D:5: 734 daAuts
 Ossuary: 447 daAuts
     D:8: 344 daAuts
